 Dungeon Crawl Stone Soup version 0.31.0-11-ge490571c62 (webtiles) character file.

Game seed: 5266600210813885820

221 Aneyh the Slasher (level 5, 0/33 HPs)
             Began as a Tengu Monk on Feb 4, 2024.
             Killed from afar by an orc wizard (6 damage)
             ... with a magic dart
             ... on level 4 of the Dungeon.
             The game lasted 00:07:33 (3405 turns).

Aneyh the Slasher (Tengu Monk)                      Turns: 3405, Time: 00:07:33

Health: 0/33       AC:  3    Str:  7    XL:     5   Next: 98%
Magic:  6/6        EV: 13    Int: 14    God:
Gold:   98         SH:  0    Dex: 18    Spells: 2/4 levels left

rFire   + . .        b - +3 orcbow "Ezaodomn" {elec, rF+ Str-5 Int+4}
rCold   . . .        (shield currently unavailable)
rNeg    . . .        m - +0 robe
rPois   .            (helmet restricted)
rElec   .            (no cloak)
rCorr   .            k - +0 pair of gloves
SInv    .            (boots unavailable)
Will    .....        (no amulet)
Stlth   ++           (no ring)
HPRegen 0.25/turn    (no ring)
MPRegen 0.10/turn

%: acrobat
@: no status effects
A: beak, talons 3, acrobatic
a: no special abilities


You were on level 4 of the Dungeon.
You visited 1 branch of the dungeon, and saw 4 of its levels.

You collected 98 gold pieces.

Inventory:

Hand Weapons
 a - a +1 short sword of electrocution
 b - the +3 orcbow "Ezaodomn" (weapon) {elec, rF+ Str-5 Int+4}
   (You found it on level 2 of the Dungeon)

   Str-5:     It affects your strength (-5).
   Int+4:     It affects your intelligence (+4).
   rF+:       It protects you from fire.
 l - a +0 falchion
 n - a +0 scimitar
 o - a +0 dagger of speed
 r - a +2 hand axe of flaming
 A - a +1 whip of electrocution
Missiles
 y - 2 javelins
Armour
 d - an orb of light
 k - a +0 pair of gloves (worn)
 m - a +0 robe (worn)
Jewellery
 j - a ring of fire
 z - a ring of fire
Scrolls
 e - 2 scrolls of blinking {unknown}
 h - a scroll of torment {unknown}
 i - a scroll of poison {unknown}
 p - 5 scrolls of teleportation {unknown}
 s - a scroll of brand weapon {unknown}
 t - 2 scrolls of fear {unknown}
 w - a scroll of identify {unknown}
Potions
 c - a potion of ambrosia
 f - a potion of heal wounds {unknown}
 g - 2 potions of enlightenment {unknown}
 q - a potion of haste {unknown}
 u - a potion of brilliance {unknown}
 v - a potion of invisibility {unknown}
 x - a potion of might {unknown}


   Skills:
 - Level 4.0 Fighting
 - Level 5.0 Long Blades
 - Level 3.2 Dodging
 + Level 4.0 Summonings


You had 2 spell levels left.
You knew the following spells:

 Your Spells              Type           Power      Damage    Failure   Level
a - Call Imp              Summ           22%        N/A       9%          2

Your spell library contained the following spells:

 Spells                   Type           Power      Damage    Failure   Level
 Blink                    Tloc           0%         N/A       41%         2
 Lesser Beckoning         Tloc           0%         N/A       41%         2
 Momentum Strike          Conj/Tloc      0%         3d8       41%         2
 Sublimation of Blood     Necr           0%         N/A       41%         2
 Summon Hydra             Summ           5%         N/A       100%        7


Dungeon Overview and Level Annotations

Branches:
Dungeon (4/15)
 Temple: D:4-7

Altars:

Shops:
D:4 (


Innate Abilities, Weirdness & Mutations

You have a beak for a mouth.
You have claws for feet.
You can magically evade attacks while moving or waiting.


Message History

You shoot an arrow. You shoot an arrow. You shoot an arrow.
The orc wizard gestures at you while chanting.
The magic dart hits you.
You shoot an arrow.
You feel less confused.
An orc wizard comes into view. It is wielding a +0 dagger.
An orc priest comes into view. It is wielding a +0 club.
An orc comes into view. It is wielding a +0 flail.
You shoot an arrow.
The arrow closely misses the orc wizard.
The orc wizard shouts!
The orc priest shouts!
The arrow hits the orc priest but does no damage.
Lightning courses through the orc priest!
The orc priest is severely wounded.
You hear a shout!
The orc wizard casts a spell at you. The puff of flame hits you. You resist.
The orc priest casts a cantrip, but nothing happens.
The orc wizard casts a spell at you. The magic dart hits you.
The orc wizard points at you and mumbles some strange words.
The magic dart hits you.
The orc wizard points at you and mumbles some strange words.
The puff of flame misses you. The orc wizard casts a spell at you.
The puff of flame hits you. You resist.
Things that are here:
a +0 flail; an orc skeleton The orc wizard gestures wildly while chanting.
The orc wizard flickers and vanishes!
Deactivating autopickup; reactivate with Ctrl-A.
The orc wizard points at you and mumbles some strange words.
The magic dart hits you!
* * * LOW HITPOINT WARNING * * *
There is a stone staircase leading up here.
A magic dart appears from out of thin air!
The magic dart hits you.
You die...

.........#'#
..........o#
......⌠.⌠o.#
#+##.∩.{o## # ~
#⌠.⌠...#.#$...
##...)...#o...
#.)..##.#o... #
#....# .# .~
#.###..[@# #
.......)##
........###
..........#####
..............#
.......##..##..
....... ...#
###.##. #..# #.
#. ....


You could see an orc priest, an orc wizard and an orc.

Vanquished Creatures
  A scorpion (D:4)
  An orc priest (D:4)
  Jessica (D:2)
  Robin (D:3)
  2 adders (D:2)
  2 dart slugs (D:1)
  2 ribbon worms (D:2)
  9 orcs
  3 bats
  An endoplasm (D:2)
  2 giant cockroaches
  14 goblins
  4 hobgoblins
  9 ball pythons
  4 frilled lizards
  2 kobolds (D:2)
  5 rats
63 creatures vanquished.

Notes
Turn   | Place    | Note
-------+----------+-------------------------------------------
     0 | D:1      | Aneyh the Tengu Monk began the quest for the Orb.
     0 | D:1      | Reached XP level 1. HP: 14/14 MP: 2/2
   297 | D:1      | Reached XP level 2. HP: 19/19 MP: 3/3
   318 | D:1      | Reached skill level 4 in Long Blades
   851 | D:2      | Noticed Jessica
   859 | D:2      | Killed Jessica
   860 | D:2      | Reached skill level 5 in Long Blades
   860 | D:2      | Reached XP level 3. HP: 8/23 MP: 4/4
  1003 | D:2      | Reached XP level 4. HP: 16/28 MP: 5/5
  1165 | D:2      | Identified the +3 orcbow "Ezaodomn" {elec, rF+ Str-5 Int+4}
  1642 | D:3      | Noticed Robin
  2221 | D:3      | Learned a level 2 spell: Call Imp
  2566 | D:3      | Killed Robin
  2567 | D:3      | Reached skill level 1 in Summonings
  2567 | D:3      | Reached XP level 5. HP: 30/33 MP: 4/6
  2853 | D:4      | Found Asidaikiho's Antique Weapon Emporium.
  3405 | D:4      | Killed from afar by an orc wizard

Illustrated notes

Levels and vault maps discovered:
D:1:      zaba_arrival_water, layout_basic
D:2:      layout_rooms, uniq_jessica
D:3:      layout_loops_corners, uniq_robin
D:4:      cheibrodos_pilgrimage, layout_basic, fedhas_ov_isle_minmay,
          ebering_ghost_sewer_f, serial_shops, shop_fountains, shop, shop,
          minivault_11

Skill      XL: |  1  2  3  4  5 |
---------------+----------------+-----
Long Blades    | 5 |  5.0
Fighting       | 4 |  4.0
Summonings     | 1 4 |  4.0
Dodging        | |  3.2

Action                     |  1- 3 |  4- 6 || total
---------------------------+-------+-------++-------
  Melee: Falchion          |    51 |       ||    51
         Kick              |    10 |    10 ||    20
         Peck              |     4 |     5 ||     9
         Whip              |     4 |    23 ||    27
         Short sword       |       |     7 ||     7
   Fire: Orcbow            |       |    56 ||    56
   Cast: Call Imp          |       |     2 ||     2
   Stab: Distracted        |       |     1 ||     1
 Armour: Robe              |    24 |    35 ||    59
  Dodge: Dodged            |    46 |    36 ||    82
